 Dungeon Crawl Stone Soup version 0.28.0-45-g0d030f2227 (webtiles) character file.

Game seed: 16049614638046111522

550 bnorton916 the Chiller (level 7, 0/69 HPs)
             Began as a Barachi Ice Elementalist on Apr 6, 2022.
             Succumbed to Edmund's poison
             ... on level 4 of the Dungeon.
             The game lasted 00:08:37 (4722 turns).

bnorton916 the Chiller (Barachi Ice Elementalist)   Turns: 4722, Time: 00:08:38

Health: 0/69       AC: 23    Str:  9    XL:     7   Next: 29%
Magic:  23/24      EV:  2    Int: 17    God:
Gold:   138        SH:  0    Dex: 15    Spells: 4/16 levels left

rFire   + . .      SeeInvis .   l - +0 dagger (drain)
rCold   x . .      Faith    .   (no shield)
rNeg    . . .      Spirit   .   (armour currently unavailable)
rPois   +          Reflect  .   (helmet currently unavailable)
rElec   .          Harm     .   (cloak currently unavailable)
rCorr   .          Rampage  .   (gloves currently unavailable)
Will    .....      NoTele   +   (boots currently unavailable)
Stlth   ++........              (no amulet)
HPRegen 0.21/turn               s - ring of the Fifty Olives {MP+9 Dex+2}
MPRegen 0.19/turn               k - ring of fire

@: lethally poisoned (0 -> -2), tree-form, on berserk cooldown, slowed,
invisible, very slow
A: stationary, stasis, torment immunity, boosted hp, (amphibious), (slowness 1),
(strong legs 1), +LOS
a: no special abilities


You were on level 4 of the Dungeon.
You were a tree.
You visited 1 branch of the dungeon, and saw 4 of its levels.

You collected 138 gold pieces.

Inventory:

Hand Weapons
 c - a +0 short sword
 l - a +0 dagger of draining (weapon)
 o - a +0 hunting sling of flaming
 p - a +5 vampiric trident
Missiles
 a - 2 boomerangs
 b - 123 stones (quivered)
Armour
 q - a +2 animal skin
 r - a +0 helmet (melded)
 u - the +2 robe of Skepticism (melded) {rF- rC++ rCorr SInv}
   (You found it on level 3 of the Dungeon)

   rF:        It makes you vulnerable to fire.
   rC:        It greatly protects you from cold.
   SInv:      It lets you see invisible.
   rCorr:     It protects you from acid and corrosion.
Magical Staves
 h - a staff of death
Jewellery
 k - a ring of fire (right branch)
 s - the ring of the Fifty Olives (left branch) {MP+9 Dex+2}
   (You found it on level 3 of the Dungeon)

   [ring of magical power]

   Dex:       It affects your dexterity (+2).
   MP:        It affects your magic capacity (+9).
Scrolls
 g - 2 scrolls of identify
 j - 2 scrolls of enchant weapon
Potions
 t - a potion of berserk rage
 v - a potion of brilliance {unknown}
 w - a potion of ambrosia {unknown}


   Skills:
 + Level 4.2 Armour
 - Level 2.1 Dodging
 - Level 1.7 Stealth
 + Level 5.3 Spellcasting
 - Level 6.1 Ice Magic
 - Level 3.0 Poison Magic


You had 4 spell levels left.
You knew the following spells:

 Your Spells              Type           Power      Damage    Failure   Level
a - Freeze                Ice            100%       1d11      1%          1
b - Frozen Ramparts       Ice            50%        1d7       3%          3
c - Ozocubu's Armour      Ice            25%        N/A       3%          3
d - Poisonous Vapours     Pois/Air       18%        N/A       11%         2
e - Mephitic Cloud        Conj/Pois/Air  7%         N/A       26%         3

Your spell library contained the following spells:

 Spells                   Type           Power      Damage    Failure   Level
 Pain                     Necr           16%        1d4       14%         1
 Corpse Rot               Necr/Air       8%         N/A       21%         2
 Hailstorm                Conj/Ice       14%        3d5       36%         4
 Confusing Touch          Hex            4%         N/A       38%         3
 Anguish                  Hex/Necr       2%         N/A       80%         4
 Agony                    Necr           4%         N/A       98%         5
 Borgnjor's Vile Clutch   Necr/Erth      2%         N/A       98%         5
 Yara's Violent Unravell  Hex/Tmut       2%         3d3       98%         5
 Enfeeble                 Hex            2%         N/A       100%        7


Dungeon Overview and Level Annotations

Branches:
Dungeon (4/15)
 Temple: D:4-7

Altars:

Annotations:
D:4 Edmund


Innate Abilities, Weirdness & Mutations

You are a tree.
Your roots penetrate the ground, keeping you stationary.
You cannot be teleported.
You are immune to unholy pain and torment.
Your maximum health is greatly increased.
Your equipment is partially melded.
((You are amphibious.))
((You cover ground slowly.))
((You can hop short distances.))
You have an extended range of vision and can be seen from far away.


Message History

* * * LOW HITPOINT WARNING * * *
You feel sick. Edmund barely misses you.
You feel better. Edmund barely misses you.
Okay, then.
You cannot move.
You feel the dreadful sensation subside.
You sense an unholy aura.
l - a +0 dagger of draining (weapon)
Edmund hits you but does no damage.
You hit Edmund. You drain Edmund.
Edmund is severely wounded.
Edmund hits you with a +2 flail of venom.
* * * LOW HITPOINT WARNING * * *
You are poisoned.
Edmund hits you but does no damage.
Unknown command.
You completely miss Edmund.
Edmund is severely wounded.
* * * LOW HITPOINT WARNING * * *
You feel very sick. Edmund hits you but does no damage.
Unknown command.
You completely miss Edmund.
Edmund is severely wounded.
* * * LOW HITPOINT WARNING * * *
You feel sick. Edmund hits you but does no damage. x2
Unknown command.
You closely miss Edmund.
Edmund is severely wounded.
* * * LOW HITPOINT WARNING * * *
You feel sick.
Edmund hits you with a +2 flail of venom.
* * * LOW HITPOINT WARNING * * *
Unknown command.
It was a potion of flight.
Your roots keep you in place.
* * * LOW HITPOINT WARNING * * *
You feel sick. Edmund hits you but does no damage. x2
It was a potion of invisibility.
You fade into invisibility!
You are ready to hop once more.
You die...

#.###(..........
#.# #...........
#.# #...........
##.#
##..........
#..# ##.........
##)## ####......
###..#######
.....#.
#...........
.....#.
###.#♣#######.
....# ##...#@#
.... #..###J#
#.## #g# ### #g#
.)# ##.. ...
....


You could see Edmund (drained), 2 gnolls and an endoplasm.

Vanquished Creatures
  An ogre (D:4)
  A necrophage (D:4)
  A scorpion (D:4)
  Jessica (D:3)
  2 orc wizards (D:4)
  Natasha (thrice) (D:3)
  Robin (D:3)
  5 adders
  4 gnolls (D:2)
  A worm (D:3)
  A dart slug (D:2)
  7 orcs
  8 endoplasms
  15 goblins
  8 hobgoblins
  3 jackals (D:2)
  A quokka (D:3)
  5 ball pythons
  4 bats
  A frilled lizard (D:2)
  4 kobolds (D:1)
  2 rats
79 creatures vanquished.

Notes
Turn   | Place    | Note
-------+----------+-------------------------------------------
     0 | D:1      | bnorton916 the Barachi Ice Elementalist began the quest for
                  | the Orb.
     0 | D:1      | Reached XP level 1. HP: 13/13 MP: 3/3
   334 | D:1      | Reached skill level 5 in Ice Magic
   508 | D:1      | Reached XP level 2. HP: 19/19 MP: 2/5
   547 | D:1      | Found a faded altar of an unknown god.
  1413 | D:2      | Reached XP level 3. HP: 24/24 MP: 3/7
  1417 | D:2      | Learned a level 3 spell: Frozen Ramparts
  1421 | D:2      | Learned a level 3 spell: Ozocubu's Armour
  2089 | D:2      | Reached XP level 4. HP: 19/30 MP: 5/9
  2093 | D:2      | Reached skill level 6 in Ice Magic
  2822 | D:3      | Learned a level 2 spell: Poisonous Vapours
  2836 | D:3      | Noticed Robin
  2841 | D:3      | Killed Robin
  2904 | D:3      | Reached XP level 5. HP: 30/35 MP: 6/10
  3296 | D:3      | Identified the ring of the Fifty Olives {MP+9 Dex+2}
  3304 | D:3      | Reached skill level 1 in Armour
  3304 | D:3      | Reached skill level 1 in Poison Magic
  3529 | D:3      | Identified the +2 robe of Skepticism {rF- rC++ rCorr SInv}
  3615 | D:3      | Noticed Natasha
  3620 | D:3      | Killed Natasha
  3847 | D:3      | Noticed Jessica
  3865 | D:3      | Killed Jessica
  4165 | D:3      | Noticed Natasha
  4178 | D:3      | Killed Natasha
  4179 | D:3      | Reached XP level 6. HP: 41/41 MP: 12/12
  4224 | D:3      | Noticed Natasha
  4246 | D:3      | Killed Natasha
  4477 | D:4      | Noticed a necrophage
  4577 | D:4      | Noticed a necrophage
  4588 | D:4      | Killed a necrophage
  4644 | D:4      | Got the Papyrus of Venom and Necromancy
  4667 | D:4      | Learned a level 3 spell: Mephitic Cloud
  4679 | D:4      | Reached skill level 5 in Spellcasting
  4679 | D:4      | Reached XP level 7. HP: 46/46 MP: 14/14
  4696 | D:4      | Noticed Edmund
  4720 | D:4      | HP: 3/69 [Edmund/+2 flail of venom (2)]
  4721 | D:4      | HP: 1/69 [poisoned by Edmund]
  4722 | D:4      | Succumbed to Edmund's poison

Illustrated notes

Levels and vault maps discovered:
D:1:      onia_arrival_pentagram, layout_basic,
          hellmonk_ecumenical_altar_crossroads
D:2:      layout_basic
D:3:      layout_loops_ring, amcnicky_mini_pool_small, wad_floor_pattern_2,
          st_stairs_9, minmay_misc_feat_chi, grunt_decor_one_mirror,
          uniq_jessica, uniq_natasha, uniq_robin
D:4:      layout_rooms, gup_sewer_entry_spiral, minmay_misc_feat_roman,
          grunt_ministairs_4, kennysheep_small_square, uniq_edmund

Skill      XL: |  1  2  3  4  5  6  7 |
---------------+----------------------+-----
Ice Magic      | 5 6 |  6.1
Spellcasting   | 3 4 5 |  5.3
Armour         | 2 3 4 |  4.2
Poison Magic   | 2 3 |  3.0
Dodging        | |  2.1
Stealth        | |  1.7

Action                   |  1- 3 |  4- 6 |  7- 9 || total
-------------------------+-------+-------+-------++-------
Melee: Short sword       |     4 |    17 |       ||    21
       Trident           |       |     8 |     4 ||    12
       Dagger            |       |       |     4 ||     4
Throw: Stone             |    12 |     2 |       ||    14
 Cast: Freeze            |    34 |     8 |       ||    42
       Frozen Ramparts   |     2 |    21 |     1 ||    24
       Ozocubu's Armour  |       |     1 |     1 ||     2
 Abil: Hop               |       |       |     1 ||     1
  Use: Scroll            |       |     4 |       ||     4
       Potion            |       |       |     6 ||     6
Armor: Robe              |     7 |     8 |       ||    15
       Animal skin       |       |     1 |       ||     1
       Skin              |       |       |     7 ||     7
Dodge: Dodged            |    22 |    43 |     5 ||    70
